 Dungeon Crawl Stone Soup version 0.28.0-47-ge53b351184 (webtiles) character file.

Game seed: 16294580605032147704

31 pkoi the Covered (level 2, -12/26 HPs)
             Began as a Demigod Fighter on May 8, 2022.
             Mangled by a small abomination (16 damage)
             ... on level 1 of the Abyss.
             The game lasted 00:01:52 (1682 turns).

pkoi the Covered (Demigod Fighter)                  Turns: 1682, Time: 00:01:53

Health: -12/26     AC:  7    Str: 17      XL:     2   Next: 90%
Magic:  4/4        EV:  9    Int:  7 (10) God:
Gold:   59         SH:  4    Dex: 13      Spells: 1/1 levels left

rFire   . . .      SeeInvis .   f - +0 whip
rCold   . . .      Faith    .   b - +0 buckler
rNeg    . . .      Spirit   .   a - +0 scale mail
rPois   .          Reflect  .   (no helmet)
rElec   .          Harm     .   d - +0 cloak
rCorr   .          Rampage  .   (no gloves)
Will    .....                   (no boots)
Stlth   ..........              (no amulet)
HPRegen 0.08/turn               (no ring)
MPRegen 0.09/turn               (no ring)

@: glowing
A: high MP 1, forlorn, divine attributes, subdued magic 1
a: no special abilities


You were on level 1 of the Abyss.
You visited 1 branch of the dungeon, and saw 2 of its levels.
You visited the Abyss 1 time.

You collected 59 gold pieces.

Inventory:

Hand Weapons
 f - a +0 whip (weapon)
 g - a +0 mace
Missiles
 i - 2 boomerangs (quivered)
Armour
 a - a +0 scale mail (worn)
 b - a +0 buckler (worn)
 d - a +0 cloak (worn)
Jewellery
 k - a ring of ice
Scrolls
 h - 2 scrolls of identify {unknown}
Potions
 c - a potion of might
 e - 2 potions of brilliance {unknown}
 j - a potion of berserk rage {unknown}


   Skills:
 + Level 3.0 Fighting
 + Level 3.0 Armour
 + Level 3.0 Shields
 + Level 2.2 Unarmed Combat


You had one spell level left.
You didn't know any spells.
Your spell library was empty.

Dungeon Overview and Level Annotations

Branches:
Dungeon (2/15)


Innate Abilities, Weirdness & Mutations

You have an increased reservoir of magic. (+10% MP)
You shall have no god before yourself.
Your divine heritage dramatically boosts your attributes as you level up.
Your spells are a little easier to cast, but a little less powerful.


Message History

A tentacled monstrosity comes into view.
A small abomination comes into view.
A large abomination comes into view.
A wraith comes into view.
Unknown command.
A neqoxec comes into view.
The neqoxec shouts!
A large abomination comes into view.
The neqoxec gestures at you.
Strange energies course through your body.
Your connection to magic feels subdued.
The large abomination closely misses you.
The neqoxec gestures at you.
Something tries to feed on your intellect!
A tormentor comes into view.
The tormentor roars!
A small abomination comes into view.
The tormentor calls on the powers of darkness!
Your body is wracked with pain!
* * * LOW HITPOINT WARNING * * *
An iron imp comes into view.
The iron imp shouts, "Remove thy stench, thou feeble flat-headed guttersnipe!"
The neqoxec gestures at you.
You feel dopey. Something feeds on your intellect!
A wretched star and a small abomination come into view.
A daeva comes into view.
It is wielding a +2 eudemon blade of holy wrath.
Unknown command.
The daeva shouts!
A small abomination comes into view.
The daeva calls down the wrath of Xom upon you.
Xom smites you!
* * * LOW HITPOINT WARNING * * *
The tormentor shouts, "I'll tear you apart!"
The tormentor calls on the powers of darkness!
Your body is wracked with pain!
* * * LOW HITPOINT WARNING * * *
The daeva convulses!
The small abomination hits you!
Ouch! That really hurt!
You die...

#.... # ..#.. #3# โ‰ˆ
#....# #.##..##.โ‰ˆ
.## #....# #.... #โ‰ˆ
..##....#####..# ..x
## #...A#...##2 ##
##.. ..#
#.#.#..###.#.# .#
#..#.......##..##
#...#.#X......#....#
#..@x*2..#.#..#..#
#..#..#........#.....
# #.#.....##.## ...#.
#.#.#.#...## ##... #
#..#...#.. .#.
#.#.#.#.#. ...ยง #..#
... ...


You could see a daeva, a wretched star, a large abomination, a tormentor and a
small abomination.

Vanquished Creatures
  A dart slug (D:1)
  A ball python (D:1)
  2 endoplasms (D:1)
  2 giant cockroaches (D:1)
  2 goblins (D:1)
  8 hobgoblins (D:1)
  5 kobolds
  A bat (D:1)
  A frilled lizard (D:1)
  2 rats
25 creatures vanquished.

Notes
Turn   | Place    | Note
-------+----------+-------------------------------------------
     0 | D:1      | pkoi the Demigod Fighter began the quest for the Orb.
     0 | D:1      | Reached XP level 1. HP: 18/18 MP: 3/3
   307 | D:1      | Reached XP level 2. HP: 25/25 MP: 4/4
  1580 | D:1      | Cast into level 1 of the Abyss (goblin)
  1594 | Abyss:1  | Noticed a tentacled monstrosity
  1611 | Abyss:1  | Noticed a small abomination
  1617 | Abyss:1  | Noticed a large abomination
  1646 | Abyss:1  | Noticed a wraith
  1651 | Abyss:1  | Noticed a neqoxec
  1656 | Abyss:1  | Noticed a large abomination
  1657 | Abyss:1  | Gained mutation: Your spells are a little easier to cast,
                  | but a little less powerful. [a neqoxec]
  1666 | Abyss:1  | Noticed a tormentor
  1666 | Abyss:1  | Noticed a small abomination
  1676 | Abyss:1  | Noticed a wretched star
  1676 | Abyss:1  | Noticed a small abomination
  1676 | Abyss:1  | Noticed a daeva
  1677 | Abyss:1  | Noticed a small abomination
  1682 | Abyss:1  | Mangled by a small abomination

Illustrated notes

Levels and vault maps discovered:
D:1:      amcnicky_arrival_blooded_trapdoor, layout_loops_cross,
          basic_ecumenical_altar, minmay_tetromino_s4
D:2:      layout_loops_ring, serial_undead, serial_undead_d, serial_undead_e,
          serial_undead_d, serial_undead_e
Abyss:1:  base:
D:2

Skill      XL: |  1  2 |
---------------+-------+-----
Unarmed Combat | 2 |  2.2
Fighting       | 3 |  3.0
Armour         | 3 |  3.0
Shields        | 3 |  3.0

Action                   || total
-------------------------++-------
Melee: Unarmed           ||    20
       Whip              ||    95
Armor: Scale mail        ||    35
Dodge: Dodged            ||    47
Block: Buckler           ||    21
